 Dungeon Crawl Stone Soup version 0.30-a0-920-g7493c07aab (webtiles) character file.

Game seed: 17542309641457008892

9843 Firecrotchwizard the Martial Artist (level 11, -2/64 HPs)
             Began as a Vine Stalker Monk on Mar 22, 2023.
             Was a High Priest of Wu Jian.
             Slain by Fannar
             ... wielding a staff of cold
              (16 damage)
             ... on level 2 of the Lair of Beasts.
             The game lasted 00:27:42 (9101 turns).

Firecrotchwizard the Martial Artist (VSMo)          Turns: 9101, Time: 00:27:42

Health: -2/64      AC: 14    Str: 23    XL:     11   Next: 52%
Magic:  0/12       EV: 14    Int: 10    God:    Wu Jian [*****.]
Gold:   667        SH:  0    Dex: 18    Spells: 10/10 levels left

rFire   . . .      SeeInvis .      - Unarmed
rCold   . . .      Faith    .    (no shield)
rNeg    . . .      Spirit   +    n - +3 chain mail {Will+}
rPois   .          Reflect  .    B - +0 helmet
rElec   .          Rampage  .    (no cloak)
rCorr   .                        (no gloves)
Will    ++...                    (no boots) Stlth
                                 v - amulet of regeneration
HPRegen 1.90/turn                u - +6 ring of strength
MPRegen 0.13/turn                E - +5 ring of evasion

@: studying Long Blades
A: fangs 3, regeneration 1, magic shield, antimagic bite, no potion heal 2
a: Renounce Religion, Wall Jump, Serpent's Lash, Heavenly Storm


You were on level 2 of the Lair of Beasts.
You worshipped Wu Jian.
Wu Jian was extremely pleased with you.
You visited 3 branches of the dungeon, and saw 13 of its levels.

You collected 667 gold pieces.

Inventory:

Missiles
 b - 21 poisoned darts
 i - 4 javelins
 m - a silver boomerang
 s - 110 stones (quivered)
 x - 2 datura-tipped darts
 A - 4 boomerangs
Armour
 n - a +3 chain mail of willpower (worn)
   (You took it off Edmund on level 7 of the Dungeon)
 B - a +0 helmet (worn)
   (You found it on level 9 of the Dungeon)
 C - the +0 chain mail of the Cicada {rElec SInv}
   (You found it on level 2 of the Lair of Beasts)

   rElec:     It insulates you from electricity.
   SInv:      It lets you see invisible.
Jewellery
 c - a ring of ice {rC+, rF-}
   (You took it off a gnoll on level 9 of the Dungeon)
 u - a +6 ring of strength (left hand)
   (You found it on level 3 of the Dungeon)
 v - an amulet of regeneration (around neck)
   (You found it on level 3 of the Dungeon)
 E - a +5 ring of evasion (right hand)
   (You took it off an orc on level 7 of the Dungeon)
 W - a ring of willpower
   (You found it on level 5 of the Dungeon)
Wands
 e - a wand of charming (3)
   (You found it on level 1 of the Lair of Beasts)
 j - a wand of polymorph (4)
   (You found it on level 4 of the Dungeon)
 q - a wand of flame (35)
   (You took it off a wight on level 7 of the Dungeon)
 z - a wand of light (5)
   (You found it on level 1 of the Lair of Beasts)
Scrolls
 a - 4 scrolls of identify {@r1}
 l - 4 scrolls of amnesia
 o - 2 scrolls of enchant weapon
 w - 3 scrolls of torment {!r}
 O - 2 scrolls of silence
 V - 3 scrolls of vulnerability {!r!r}
 Y - 7 scrolls of teleportation {@r3}
Potions
 d - 2 potions of berserk rage {unknown}
 f - 2 potions of flight {unknown}
 g - 3 potions of degeneration {unknown}
 h - 3 potions of might {unknown}
 k - 2 potions of haste {unknown}
 p - a potion of attraction {unknown}
 r - 2 potions of lignification {unknown}
 t - 2 potions of cancellation
 y - a potion of magic {unknown}
 G - 2 potions of ambrosia {!q}
 J - 7 potions of curing {@q1}
 U - 2 potions of mutation {!q}


   Skills:
 + Level 10.4 Fighting
 + Level 5.0 Armour
 - Level 2.4 Dodging
 - Level 2.4 Stealth
 - Level 13.0 Unarmed Combat


You had 10 spell levels left.
You didn't know any spells.
Your spell library contained the following spells:

 Spells                   Type           Power      Damage    Failure   Level
 Ensorcelled Hibernation  Hex/Ice        0%         N/A       99%         2
 Passwall                 Tmut/Erth      0%         N/A       99%         2
 Portal Projectile        Hex/Tloc       0%         N/A       100%        3
 Swiftness                Air            0%         N/A       100%        3
 Tukima's Dance           Hex            0%         N/A       100%        3
 Animate Armour           Summ/Erth      0%         N/A       100%        4
 Blade Hands              Tmut           0%         N/A       100%        5
 Iron Shot                Conj/Erth      0%         9d1       100%        6


Dungeon Overview and Level Annotations

Branches:
Dungeon (10/15)            Temple (1/1) D:4            Lair (2/5) D:9
  Swamp: Lair:2-3    Shoals: Lair:2-3     Snake: Lair:2-3    Spider: Lair:2-3
    Orc: D:9-12

Altars:
Ashenzari
Cheibriados
Dithmenos
Elyvilon
Fedhas
Gozag
Hepliaklqana
Kikubaaqudgha
Makhleb
Nemelex Xobeh
Okawaru
Qazlal
Ru
Sif Muna
Uskayaw
Vehumet
Wu Jian
Xom
Yredelemnul
The Shining One

Annotations:
D:4 1 runed translucent door, testman's ghost, amateur DsVM
D:5 2 transporters, kaliiiiii's ghost, novice OgCA
Lair:2 Fannar


Innate Abilities, Weirdness & Mutations

You have razor-sharp teeth.
Your natural rate of healing is unusually fast.
When hurt, damage is shared between your health and your magic reserves.
Your bite disrupts and absorbs the magic of your enemies.
Potions cannot restore your health.


Message History

Health restored: 63 The komodo dragon hisses angrily.
You punch the komodo dragon! You punch the komodo dragon.
You bite the komodo dragon, but do no damage.
The komodo dragon bites you!
You take 10 damage, and have 53/63 hp.
You now have 10/12 mp.
You hit the komodo dragon but do no damage.
You punch the komodo dragon. Your bite misses the komodo dragon.
You regained 2 hp, and now have 55/63 hp.
You punch the komodo dragon! The komodo dragon closely misses you.
You punch the komodo dragon! You punch the komodo dragon.
You kill the komodo dragon!
The Council accepts your kill.
You regained 3 hp, and now have 59/64 hp.
You regained 2 hp, and now have 61/64 hp.
s - 110 stones (gained 8)
You now have 667 gold pieces (gained 14).
There is a stone staircase leading up here.
Found a stone staircase leading down.
Health restored: 64; MP restored: 12 You pick up a book of Weapons and begin reading...
You add the spells Tukima's Dance and Portal Projectile to your library.
Found a stone staircase leading up.
A polar bear comes into view.
The polar bear growls angrily.
You hear a shout!
Fannar the Cold-Hearted comes into view.
They are wielding a staff of cold and wearing a +1 robe of cold resistance.
Fannar mumbles some strange words.
Fannar blinks!
Fannar moves out of view.
You barely miss the polar bear.
You punch the polar bear, but do no damage.
Your bite misses the polar bear. The polar bear completely misses you.
The polar bear claws you but does no damage. x2
You closely miss the polar bear. You punch the polar bear.
A rime drake comes into view.
The polar bear bites you but does no damage.
The polar bear barely misses you.
The polar bear claws you but does no damage.
You barely miss the polar bear.
The rime drake hisses angrily.
You punch the polar bear! You punch the polar bear! You bite the polar bear.
You drain its power. The polar bear barely misses you.
The polar bear claws you. The polar bear closely misses you.
You take 2 damage, and have 62/64 hp.
You now have 11/12 mp.
You punch the polar bear! You bite the polar bear! You drain its power.
You feel invigorated.
The polar bear bites you but does no damage.
The polar bear misses you. The polar bear claws you.
You take 2 damage, and have 60/64 hp.
MP restored: 12 You punch the polar bear!
You kill the polar bear!
The Council accepts your kill.
You regained 2 hp, and now have 62/64 hp.
You punch the rime drake! Your bite misses the rime drake.
The rime drake completely misses you.
You punch the rime drake! x2; Your bite misses the rime drake.
The rime drake misses you.
Health restored: 64 You barely miss the rime drake.
You bite the rime drake!
You kill the rime drake!
The Council accepts your kill.
Your Armour skill increases to level 5!
You start waiting.
Fannar is nearby!
Fannar gestures wildly while chanting.
Fannar drains the heat from the surrounding environment!
You take 16 damage, and have 48/64 hp.
MASSIVE DAMAGE!!
You now have 9/12 mp.
You repeatedly attack Fannar from above.
You punch Fannar! You bite Fannar!
Fannar's magic leaks into the air.
You drain their magic.
You feel invigorated.
You miss Fannar. Your punch misses Fannar. Fannar hits you but does no damage.
Fannar freezes you! Fannar misses you.
You take 3 damage, and have 45/64 hp.
You hit Fannar but do no damage. Your bite misses Fannar.
Fannar says, "An icy embrace awaits you..."
Fannar hits you with a staff of cold. Fannar freezes you!
You take 13 damage, and have 32/64 hp.
MASSIVE DAMAGE!!
You now have 6/12 mp.
You barely miss Fannar. You punch Fannar!
Fannar points at you and mumbles some strange words.
The bolt of cold hits you!!
* * * LOW HITPOINT WARNING * * *
You take 21 damage, and have 11/64 hp.
MASSIVE DAMAGE!!
You now have 2/12 mp.
You completely miss Fannar. Your bite misses Fannar.
A nearby plant withers and dies.
You barely miss Fannar.
A nearby fungus withers and dies.
Fannar falters for a moment.
You regained 2 hp, and now have 14/64 hp.
You hit Fannar. Your bite misses Fannar.
Fannar falters for a moment.
You punch Fannar! Your punch misses Fannar. You bite Fannar, but do no damage.
Fannar hits you with a staff of cold.
* * * LOW HITPOINT WARNING * * *
Fannar freezes you!
You die...

... ## .# ##. ...##..
#. #.. ...#.. #.###
##.. #...## #.<.####...
#...#####.......#.
#..#.##.......##.
##.............##P
##.................
#.@.######...##....
#.....#e.## ##..###...
#.......#.# ##..#.####.
####....### #....## ##
#.#...# #..### ## #
##... ##..## ###P #..#
##..#.# #P..
.##....####.....####<.
.[....ยง.....#....#...#


You could see Fannar (magic disrupted).

Vanquished Creatures
  3 elephants (Lair:1)
  A rime drake (Lair:2)
  A komodo dragon (Lair:2)
  A polar bear (Lair:2)
  4 blink frogs
  Prince Ribbit (D:5)
  A wraith (D:9)
  Sigmund (D:7)
  A wyvern (D:8)
  12 yaks
  2 steam dragons
  A basilisk (Lair:1)
  Edmund (D:7)
  An acid dragon (D:9)
  3 water moccasins
  A black bear (D:7)
  2 ice beasts
  An ogre (D:6)
  8 wolves
  3 centaurs
  2 phantoms
  4 bullfrogs
  3 kobold brigands
  2 gnoll sergeants (D:9)
  5 scorpions
  15 wights
  3 killer bees (D:8)
  A howler monkey (D:9)
  5 hounds
  2 gnoll boudas
  5 jellies
  3 orc priests
  2 sleepcaps
  Jessica (D:2)
  5 iguanas
  4 orc wizards
  15 gnolls
  5 adders
  4 ufetubi
  2 worms
  9 dart slugs
  13 orcs
  4 endoplasms
  4 giant cockroaches
  8 goblins
  6 hobgoblins
  4 quokkas
  5 ball pythons
  4 bats
  A frilled lizard (D:3)
  10 kobolds
  5 rats
210 creatures vanquished.

Vanquished Creatures (others)
  3 fungi (Lair:2)
  7 plants
  2 withered plants (D:4)
12 creatures vanquished.

Grand Total: 222 creatures vanquished

Notes
Turn   | Place    | Note
-------+----------+-------------------------------------------
     0 | D:1      | Firecrotchwizard the Vine Stalker Monk began the quest for
                  | the Orb.
     0 | D:1      | Reached XP level 1. HP: 11/11 MP: 2/2
   183 | D:1      | Reached XP level 2. HP: 13/16 MP: 3/3
   483 | D:1      | Reached skill level 3 in Fighting
   968 | D:2      | Reached XP level 3. HP: 18/20 MP: 4/4
  1083 | D:2      | Found a faded altar of an unknown god.
  1186 | D:2      | Noticed Jessica
  1204 | D:2      | Killed Jessica
  1205 | D:2      | Reached skill level 4 in Unarmed Combat
  1360 | D:2      | Gained mutation: Your natural rate of healing is unusually
                  | fast. [Vine Stalker growth]
  1360 | D:2      | Reached XP level 4. HP: 23/24 MP: 5/5
  1530 | D:2      | Found the +5 robe of Misfortune {Harm *Corrode *Slow EV+5}
  1757 | D:3      | Found a basalt altar of Yredelemnul.
  2382 | D:4      | Reached skill level 5 in Unarmed Combat
  2382 | D:4      | Reached XP level 5. HP: 23/29 MP: 3/6
  2408 | D:4      | Found a staircase to the Ecumenical Temple.
  2418 | Temple   | Entered the Ecumenical Temple
  2427 | Temple   | Became a worshipper of the Wu Jian Council
  2427 | Temple   | Reached * piety under Wu Jian
  2427 | Temple   | Reached ** piety under Wu Jian
  2457 | D:4      | Noticed a phantom
  2470 | D:4      | Killed a phantom
  2536 | D:4      | Reached skill level 4 in Fighting
  2536 | D:4      | Reached XP level 6. HP: 32/33 MP: 7/7
  2759 | D:4      | Noticed a yak
  2777 | D:4      | Killed a yak
  2778 | D:4      | Reached skill level 6 in Unarmed Combat
  2778 | D:4      | Reached XP level 7. HP: 37/38 MP: 8/8
  2896 | D:4      | Found an opulent altar of Gozag.
  2920 | D:4      | Found a runed translucent door.
  2920 | D:4      | Noticed testman's ghost (amateur DsVM)
  3126 | D:5      | Entered Level 5 of the Dungeon
  3246 | D:5      | Noticed Prince Ribbit
  3293 | D:5      | Killed Prince Ribbit
  3294 | D:5      | Reached skill level 5 in Fighting
  3294 | D:5      | Reached skill level 7 in Unarmed Combat
  3498 | D:5      | Found a transporter.
  3498 | D:5      | Noticed kaliiiiii's ghost (novice OgCA)
  3733 | D:5      | Gained mutation: You have razor-sharp teeth. [Vine Stalker
                  | growth]
  3733 | D:5      | Reached XP level 8. HP: 43/43 MP: 9/9
  3753 | D:5      | Reached skill level 8 in Unarmed Combat
  3827 | D:5      | Found a glowing golden altar of the Shining One.
  4140 | D:5      | Found a transporter.
  4336 | D:5      | Reached skill level 6 in Fighting
  4336 | D:5      | Reached skill level 9 in Unarmed Combat
  4542 | D:6      | Reached *** piety under Wu Jian
  4559 | D:6      | Reached XP level 9. HP: 49/49 MP: 10/10
  5077 | D:7      | Found a hide-covered altar of Uskayaw.
  5077 | D:7      | Found a stormy altar of Qazlal.
  5307 | D:7      | Found a snail-covered altar of Cheibriados.
  5324 | D:7      | Reached skill level 10 in Unarmed Combat
  5445 | D:7      | Found an ancient bone altar of Kikubaaqudgha.
  5562 | D:7      | Reached skill level 7 in Fighting
  5712 | D:7      | Noticed Sigmund
  5720 | D:7      | Killed Sigmund
  5724 | D:7      | Noticed Edmund
  5727 | D:7      | Reached skill level 11 in Unarmed Combat
  5740 | D:7      | Killed Edmund
  6174 | D:8      | Reached XP level 10. HP: 47/56 MP: 6/11
  6180 | D:8      | Reached skill level 8 in Fighting
  6638 | D:8      | Reached skill level 12 in Unarmed Combat
  6681 | D:8      | Reached **** piety under Wu Jian
  7275 | D:9      | Found a staircase to the Lair.
  7435 | D:9      | Found a broken altar of Ashenzari.
  7438 | D:9      | Found a blossoming altar of Fedhas.
  7493 | D:9      | Found a shadowy altar of Dithmenos.
  7629 | D:9      | Found a sparkling altar of Nemelex Xobeh.
  7651 | D:10     | Entered Level 10 of the Dungeon
  7817 | D:10     | Reached skill level 13 in Unarmed Combat
  7985 | Lair:1   | Entered Level 1 of the Lair of Beasts
  8036 | Lair:1   | Reached skill level 1 in Armour
  8139 | Lair:1   | Reached skill level 9 in Fighting
  8292 | Lair:1   | Noticed an elephant
  8292 | Lair:1   | Noticed an elephant
  8292 | Lair:1   | Noticed an elephant
  8302 | Lair:1   | Killed an elephant
  8303 | Lair:1   | Reached skill level 2 in Armour
  8304 | Lair:1   | Killed an elephant
  8305 | Lair:1   | Reached XP level 11. HP: 62/62 MP: 9/12
  8325 | Lair:1   | Reached skill level 3 in Armour
  8507 | Lair:1   | Reached ***** piety under Wu Jian
  8896 | Lair:1   | Reached skill level 10 in Fighting
  8896 | Lair:1   | Reached skill level 4 in Armour
  8905 | Lair:2   | Identified the +0 chain mail of the Cicada {rElec SInv}
  9080 | Lair:2   | Noticed Fannar
  9093 | Lair:2   | Reached skill level 5 in Armour
  9097 | Lair:2   | HP: 11/64 [Fannar/bolt of cold (23)]
  9101 | Lair:2   | Slain by Fannar

Illustrated notes

Levels and vault maps discovered:
D:1:      minmay_arrival_plants_in_alcoves, layout_basic, hex_large
D:2:      layout_loops_corners, serial_forest, infiniplex_forest_clump_long,
          infiniplex_forest_straight_4, infiniplex_forest_clump_double,
          infiniplex_forest_lined_3_way, infiniplex_forest_straight_3,
          infiniplex_forest_straight_4, infiniplex_forest_clump_double,
          infiniplex_forest_corner_2, hellmonk_ecumenical_altar_lost_god,
          uniq_jessica
D:3:      layout_rooms, yredelemnul_altar_generic, corner_web_ring
D:4:      wander_river, layout_cave_pools,
          mainiacjoe_overflow_concentric_impassable, minmay_temple_entry_arrows,
          gammafunk_ghost_grave, columned_hall_lemuel, minmay_manual_moon
D:5:      minmay_razor_zed, layout_basic, tso_metal_star, gammafunk_ghost_smash,
          uniq_prince_ribbit1
D:6:      layout_loops_ring
D:7:      layout_basic, general_overflow_altar,
          chequers_temple_overflow_statue_of_worship, kennysheep_slug_shrine,
          sigmund_edmund_badplayer, uniq_crazy_yiuf_cottage
D:8:      layout_cave_pods, nicolae_two_hexagons, minmay_fractal_squares_5
D:9:      layout_big_octagon, kennysheep_mini_moat,
          mainiacjoe_overflow_alcove_2, jmf_multi_god_temple,
          minmay_tree_intersection
D:10:     nicolae_whirlpool, layout_cave_pods, mainiacjoe_overflow_catwalk,
          ebering_ghost_funeral_grove, kennysheep_nondescript
Temple:   nicolae_temple_ecumenical_triangle
Lair:1:   layout_loops_ring
Lair:2:   layout_layer_cave, uniq_fannar

Skill      XL: |  1  2  3  4  5  6  7  8  9 10 11 |
---------------+----------------------------------+-----
Fighting       | 3 4 5 6 7 9 10 | 10.4
Unarmed Combat | 4 5 6 7 9 11 13 | 13.0
Armour         | 2 5 |  5.0
Dodging        | |  2.4
Stealth        | |  2.4

Action                     |  1- 3 |  4- 6 |  7- 9 | 10-12 || total
---------------------------+-------+-------+-------+-------++-------
  Melee: Unarmed           |    87 |   115 |   269 |   282 ||   753
         Bite              |    22 |    30 |    81 |    87 ||   220
         Punch             |     1 |     3 |    13 |    28 ||    45
 Invoke: Serpent's Lash    |       |       |       |     1 ||     1
Ability: Lunge             |       |     4 |    33 |    23 ||    60
         Wall Jump         |       |     2 |     3 |     4 ||     9
         Whirlwind         |       |       |     9 |    55 ||    64
  Evoke: Wand              |       |       |       |     5 ||     5
    Use: Scroll            |       |       |    11 |     4 ||    15
         Potion            |       |       |     1 |       ||     1
   Stab: Sleeping          |     2 |     2 |       |       ||     4
 Armour: Leather armour    |     6 |       |       |       ||     6
         Ring mail         |     8 |    17 |       |       ||    25
         Chain mail        |       |    11 |    82 |    74 ||   167
  Dodge: Dodged            |    45 |    56 |   103 |   162 ||   366

Table legend: (Time is in decaauts)
 A = Elapsed time spent in this place.
 B = Non-inter-level travel time spent in this place.
 C = Inter-level travel time spent in this place.
 D = Time resting spent in this place.
 E = Time spent auto-exploring this place.
 F = Levels seen in this place.
 G = Mean time per level.
                   A        B        C        D        E       F      G
               +--------+--------+--------+--------+--------+-----+--------+
         Total |   9043 |   8698 |    345 |    603 |   6335 |  13 |  695.6 |
       Dungeon |   7925 |   7612 |    313 |    579 |   5499 |  10 |  792.5 |
        Temple |     18 |     18 |      0 |      0 |      3 |   1 |   18.0 |
          Lair |   1099 |   1067 |     32 |     24 |    833 |   2 |  549.5 |
               +--------+--------+--------+--------+--------+-----+--------+

Top non-repeatable levels by time:
     D:5: 1229 daAuts
     D:8: 1131 daAuts
     D:2: 974 daAuts
  Lair:1: 941 daAuts
     D:4: 855 daAuts
     D:7: 769 daAuts
     D:1: 754 daAuts
     D:6: 747 daAuts
     D:3: 601 daAuts
     D:9: 538 daAuts
    D:10: 322 daAuts
  Lair:2: 158 daAuts
  Temple: 18 daAuts

Table legend:
 A = Kills in this place as a percentage of kills in the entire game.
 B = Kills by you in this place as a percentage of kills by you in the entire game.
 C = Kills by friends in this place as a percentage of kills by friends in the entire game.
 D = Other kills in this place as a percentage of other kills in the entire game.
 E = Experience gained in this place as a percentage of experience gained in the entire game.
 F = Experience gained in this place divided by the number of levels of this place that you have seen.
                   A       B       C       D       E      F
               +-------+-------+-------+-------+-------+----------------------
         Total | 100.0 | 100.0 |   N/A |   N/A | 100.0 | 1081.7
       Dungeon |  85.7 |  85.7 |   N/A |   N/A |  55.3 | 777.7
          Lair |  14.3 |  14.3 |   N/A |   N/A |  44.7 | 3142.5
               +-------+-------+-------+-------+-------+----------------------
